MLB
COLORADO ROCKIES @ ST. LOUIS CARDINALS
05/03/2099
 
TOP OF THE 1ST
Colorado Rockies batting - Pitching for St. Louis Cardinals : RHP Scott Kocis
Pitching: RHP Scott Kocis
Batting: LHB Glenn Sewell 0-0: Called Strike
0-1: Ground out U3 (Groundball, 3L, EV 93.8 MPH)
Batting: LHB Matt Beck 0-0: Foul Ball, location: 3F
0-1: Hit by Pitch
Batting: RHB Kosuke Sakai 0-0: Swinging Strike
0-1: Called Strike
0-2: Ball
1-2: Strikes out swinging
Batting: LHB Jim Davis 0-0: Ball
1-0: Foul Ball, location: 5FF
1-1: Foul Ball, location: 5SF
1-2: Strikes out swinging
Top of the 1st over - 0 runs, 0 hits, 0 errors, 1 left on base; Colorado 0 - St. Louis 0
BOTTOM OF THE 1ST
St. Louis Cardinals batting - Pitching for Colorado Rockies : RHP Rob Dillon
Pitching: RHP Rob Dillon
Batting: RHB Caleb Harkcom 0-0: Called Strike
0-1: Fly out, F8 (Line Drive, 8RD, EV 90.6 MPH)
Batting: RHB David Martinez 0-0: Called Strike
0-1: Ball
1-1: Foul Ball, location: 9LDF
1-2: Foul Ball, location: 3DF
1-2: Ball
2-2: TRIPLE (Flyball, 9LD, EV 111.3 MPH)
Batting: LHB Jeremiah Ford 0-0: SINGLE (Groundball, 6D, EV 98.1 MPH)
David Martinez scores
Batting: LHB Ramon Lara 0-0: Fielders Choice at 2nd, 3-6 (Groundball, 3, EV 89.4 MPH)
Batting: LHB Jose Nieto 0-0: Called Strike
0-1: Ball
1-1: Ball
2-1: Swinging Strike
2-2: Ball
3-2: Strikes out swinging
Bottom of the 1st over - 1 run, 2 hits, 0 errors, 1 left on base; Colorado 0 - St. Louis 1
TOP OF THE 2ND
Colorado Rockies batting - Pitching for St. Louis Cardinals : RHP Scott Kocis
Batting: LHB Jeremy Papish 0-0: Ground out 4-3 (Groundball, 4, EV 99.4 MPH)
Batting: SHB Brian Hatcher 0-0: Ball
1-0: Foul Ball, location: 5FF
1-1: Ball
2-1: SINGLE (Line Drive, 56D, EV 98.8 MPH)
Batting: LHB Mike Keatts 0-0: Foul Ball, location: 2F
0-1: Ball
1-1: Foul Ball, location: 23F
1-2: Foul Ball, location: 2LF
1-2: Fly out, F8 (Flyball, 8LM, EV 85.0 MPH)
Batting: RHB Orlando Serrano 0-0: Fielders Choice at 2nd, 6-4 (Groundball, 6, EV 77.5 MPH)
Top of the 2nd over - 0 runs, 1 hit, 0 errors, 1 left on base; Colorado 0 - St. Louis 1
BOTTOM OF THE 2ND
St. Louis Cardinals batting - Pitching for Colorado Rockies : RHP Rob Dillon
Batting: RHB Eric Nichols 0-0: SINGLE (Line Drive, 6M, EV 100.6 MPH)
Batting: RHB Jose Sanchez 0-0: Called Strike
0-1: Swinging Strike
0-2: SINGLE (Flyball, 8LS, EV 92.5 MPH)
Eric Nichols to second
Runner from 2nd tries for 3rd, SAFE, no throw by CF
Batting: RHB Izzy Mina 0-0: Fly out, F7 (Flyball, 7, EV 91.3 MPH)
Runner from 3rd tags up, OUT at HOME! 7-2
Jose Sanchez to second
Batting: LHB Jimmy Goldberg 0-0: Ball
1-0: Ground out 6-3 (Groundball, 6, EV 92.5 MPH)
Bottom of the 2nd over - 0 runs, 2 hits, 0 errors, 1 left on base; Colorado 0 - St. Louis 1
TOP OF THE 3RD
Colorado Rockies batting - Pitching for St. Louis Cardinals : RHP Scott Kocis
Batting: RHB Ricky Aguilera 0-0: Ball
1-0: Swinging Strike
1-1: Called Strike
1-2: Strikes out swinging
Batting: LHB Glenn Sewell 0-0: Called Strike
0-1: Called Strike
0-2: Strikes out swinging
Batting: LHB Matt Beck 0-0: SOLO HOME RUN (Flyball, 7D, EV 95.0 MPH), Distance : 364 ft
Batting: RHB Kosuke Sakai 0-0: Foul Ball, location: 9LDF
0-1: Swinging Strike
0-2: Strikes out looking
Top of the 3rd over - 1 run, 1 hit, 0 errors, 0 left on base; Colorado 1 - St. Louis 1
BOTTOM OF THE 3RD
St. Louis Cardinals batting - Pitching for Colorado Rockies : RHP Rob Dillon
Pitching: RHP Xavier Clayton
Batting: RHB Caleb Harkcom 0-0: Ball
1-0: SINGLE (Groundball, 56S, EV 70.6 MPH) (infield hit)
Batting: RHB David Martinez 0-0: Ball
1-0: Reached on error, E1 (Groundball, 13S, EV 0.0 MPH)
Caleb Harkcom to second
Batting: LHB Jeremiah Ford 0-0: Foul Ball, location: 2F
0-1: Fly out, F8 (Flyball, 8LM, EV 93.1 MPH)
Batting: LHB Ramon Lara 0-0: Called Strike
0-1: Ball
1-1: 3-RUN HOME RUN (Line Drive, 89XD, EV 106.3 MPH), Distance : 394 ft
Pitching: RHP Chris Colbert
Batting: LHB Jose Nieto 0-0: Ball
1-0: Ball
2-0: SOLO HOME RUN (Flyball, 89XD, EV 105.0 MPH), Distance : 413 ft
Batting: RHB Eric Nichols 0-0: Called Strike
0-1: Foul Ball, location: 2F
0-2: Ball
1-2: Strikes out swinging, 2-3 out at first.
Batting: RHB Jose Sanchez 0-0: SINGLE (Line Drive, 3D, EV 98.8 MPH)
Batting: RHB Izzy Mina 0-0: Foul Ball, location: 9LMF
0-1: Ball
1-1: Fielders Choice at 2nd, 6-4 (Groundball, 6, EV 87.5 MPH)
Bottom of the 3rd over - 4 runs, 4 hits, 1 error, 1 left on base; Colorado 1 - St. Louis 5
TOP OF THE 4TH
Colorado Rockies batting - Pitching for St. Louis Cardinals : RHP Scott Kocis
Batting: LHB Jim Davis 0-0: Swinging Strike
0-1: Fly out, F8 (Flyball, 8RXD, EV 98.1 MPH)
Batting: LHB Jeremy Papish 0-0: Foul Ball, location: 2F
0-1: Swinging Strike
0-2: Foul Ball, location: 7LDF
0-2: Foul Ball, location: 7LDF
0-2: Foul Ball, location: 3F
0-2: Strikes out swinging
Batting: SHB Brian Hatcher 0-0: SINGLE (Groundball, 4MD, EV 108.8 MPH)
Batting: LHB Mike Keatts 0-0: Ball
1-0: Ball
2-0: Foul Ball, location: 7LDF
2-1: Fielders Choice at 2nd, 4-6 (Groundball, 4MD, EV 103.8 MPH)
Top of the 4th over - 0 runs, 1 hit, 0 errors, 1 left on base; Colorado 1 - St. Louis 5
BOTTOM OF THE 4TH
St. Louis Cardinals batting - Pitching for Colorado Rockies : RHP Chris Colbert
Batting: LHB Jimmy Goldberg 0-0: Called Strike
0-1: Ball
1-1: Ball
2-1: Foul Ball, location: 9LMF
2-2: Foul Ball, location: 5SF
2-2: Foul Ball, location: 2F
2-2: Strikes out swinging
Batting: RHB Caleb Harkcom 0-0: Fly out, F8 (Flyball, 8RM, EV 86.9 MPH)
Batting: RHB David Martinez 0-0: Foul Ball, location: 2F
0-1: Foul Ball, location: 3SF
0-2: Ball
1-2: Strikes out looking
Bottom of the 4th over - 0 runs, 0 hits, 0 errors, 0 left on base; Colorado 1 - St. Louis 5
TOP OF THE 5TH
Colorado Rockies batting - Pitching for St. Louis Cardinals : RHP Scott Kocis
Batting: RHB Orlando Serrano 0-0: Ball
1-0: Fly out, F8 (Flyball, 8RD, EV 101.3 MPH)
Batting: RHB Ricky Aguilera 0-0: Ball
1-0: Ball
2-0: Called Strike
2-1: Called Strike
2-2: Strikes out swinging
Batting: LHB Glenn Sewell 0-0: Ball
1-0: Ball
2-0: Swinging Strike
2-1: SINGLE (Groundball, 4MD, EV 103.1 MPH)
Batting: LHB Matt Beck 0-0: Ground out U3 (Groundball, 3, EV 107.5 MPH)
Top of the 5th over - 0 runs, 1 hit, 0 errors, 1 left on base; Colorado 1 - St. Louis 5
BOTTOM OF THE 5TH
St. Louis Cardinals batting - Pitching for Colorado Rockies : RHP Chris Colbert
Batting: LHB Jeremiah Ford 0-0: Swinging Strike
0-1: Ball
1-1: Ball
2-1: Ball
3-1: Foul Ball, location: 5DF
3-2: Foul Ball, location: 2F
3-2: Base on Balls
Batting: LHB Ramon Lara 0-0: Swinging Strike
0-1: Ball
1-1: Ball
2-1: Ball
3-1: Base on Balls
Jeremiah Ford to second
Pitching: RHP Angel Cruz
Batting: LHB Jose Nieto 0-0: Ball
1-0: SINGLE (Flyball, 8RM, EV 86.9 MPH)
Jeremiah Ford to third
Ramon Lara to second
Batting: RHB Eric Nichols 0-0: Called Strike
0-1: Ball
1-1: Ball
2-1: Ball
3-1: Base on Balls
Jeremiah Ford scores
Ramon Lara to third
Jose Nieto to second
Batting: RHB Jose Sanchez 0-0: Ball
1-0: Swinging Strike
1-1: Ball
2-1: Ball
3-1: Called Strike
3-2: Base on Balls
Ramon Lara scores
Jose Nieto to third
Eric Nichols to second
Batting: RHB Izzy Mina 0-0: Ball
1-0: Ball
2-0: Called Strike
2-1: Ball
3-1: Base on Balls
Jose Nieto scores
Eric Nichols to third
Jose Sanchez to second
Batting: LHB Jimmy Goldberg 0-0: Called Strike
0-1: Foul Ball, location: 2F
0-2: Strikes out swinging
Batting: RHB Caleb Harkcom 0-0: Called Strike
0-1: Ball
1-1: Ball
2-1: Called Strike
2-2: Ball
3-2: Strikes out swinging
Batting: RHB David Martinez 0-0: Ball
1-0: Ball
2-0: Fly out, F3 (Popup, 3S, EV 82.5 MPH)
Bottom of the 5th over - 3 runs, 1 hit, 0 errors, 3 left on base; Colorado 1 - St. Louis 8
TOP OF THE 6TH
Colorado Rockies batting - Pitching for St. Louis Cardinals : RHP Scott Kocis
Batting: RHB Kosuke Sakai 0-0: Ball
1-0: Ball
2-0: Called Strike
2-1: Swinging Strike
2-2: Strikes out swinging
Batting: LHB Jim Davis 0-0: Ball
1-0: SINGLE (Groundball, 6MD, EV 105.0 MPH)
Batting: LHB Jeremy Papish 0-0: Ball
1-0: Foul Ball, location: 2F
1-1: Fielders Choice at 2nd, 4-6 (Groundball, 4, EV 85.6 MPH)
Batting: SHB Brian Hatcher 0-0: Foul Ball, location: 2F
0-1: 2-RUN HOME RUN (Line Drive, 8RXD, EV 111.3 MPH), Distance : 438 ft
Batting: LHB Mike Keatts 0-0: Ball
1-0: Ball
2-0: Foul Ball, location: 2RF
2-1: Ball
3-1: Ground out 4-3 (Groundball, 4, EV 80.6 MPH)
Top of the 6th over - 2 runs, 2 hits, 0 errors, 0 left on base; Colorado 3 - St. Louis 8
BOTTOM OF THE 6TH
St. Louis Cardinals batting - Pitching for Colorado Rockies : RHP Angel Cruz
Batting: LHB Jeremiah Ford 0-0: Ball
1-0: Fly out, F9 (Flyball, 9D, EV 100.6 MPH)
Batting: LHB Ramon Lara 0-0: Ball
1-0: Swinging Strike
1-1: SINGLE (Line Drive, 7S, EV 89.4 MPH)
Pitching: RHP Matthew Hodge
Batting: LHB Jose Nieto 0-0: Ball
1-0: Ball
2-0: 2-RUN HOME RUN (Flyball, 9D, EV 100.0 MPH), Distance : 383 ft
Batting: RHB Eric Nichols 0-0: Ball
1-0: Fly out, F7 (Flyball, 7D, EV 86.9 MPH)
Batting: RHB Jose Sanchez 0-0: Called Strike
0-1: Called Strike
0-2: Foul Ball, location: 3F
0-2: Strikes out swinging
Bottom of the 6th over - 2 runs, 2 hits, 0 errors, 0 left on base; Colorado 3 - St. Louis 10
TOP OF THE 7TH
Colorado Rockies batting - Pitching for St. Louis Cardinals : RHP Scott Kocis
Now at C: Jason Rush
Now at 2B: Aaron Rego
Now at 3B: Izzy Mina
Now at SS: Brodie Herian
Now in LF: David Martinez
Batting: RHB Orlando Serrano 0-0: Called Strike
0-1: Ball
1-1: Ball
2-1: Swinging Strike
2-2: Strikes out swinging
Batting: RHB Ricky Aguilera 0-0: Called Strike
0-1: Ball
1-1: SINGLE (Line Drive, 78S, EV 101.3 MPH)
Batting: LHB Glenn Sewell 0-0: Called Strike
0-1: Fly out, F7 (Flyball, 78S, EV 91.9 MPH)
Batting: LHB Matt Beck 0-0: Ball
1-0: Ball
2-0: Foul Ball, location: 25F
2-1: Fly out, F8 (Flyball, 8LXD, EV 95.0 MPH)
Top of the 7th over - 0 runs, 1 hit, 0 errors, 1 left on base; Colorado 3 - St. Louis 10
BOTTOM OF THE 7TH
St. Louis Cardinals batting - Pitching for Colorado Rockies : RHP Matthew Hodge
Batting: RHB Izzy Mina 0-0: Ball
1-0: Called Strike
1-1: Ground out 6-3 (Groundball, P, EV 90.6 MPH)
Batting: LHB Jimmy Goldberg 0-0: Ball
1-0: Called Strike
1-1: Foul Ball, location: 3DF
1-2: Ground out 4-3 (Groundball, 34, EV 77.5 MPH)
Batting: RHB Caleb Harkcom 0-0: Ball
1-0: Ball
2-0: Ground out 3-1 (Groundball, 34S, EV 69.4 MPH)
Bottom of the 7th over - 0 runs, 0 hits, 0 errors, 0 left on base; Colorado 3 - St. Louis 10
TOP OF THE 8TH
Colorado Rockies batting - Pitching for St. Louis Cardinals : RHP Scott Kocis
Batting: RHB Kosuke Sakai 0-0: Called Strike
0-1: Foul Ball, location: 2F
0-2: Ball
1-2: Foul Ball, location: 2F
1-2: Strikes out swinging
Batting: LHB Jim Davis 0-0: Called Strike
0-1: Called Strike
0-2: Ball
1-2: Strikes out looking
Batting: LHB Jeremy Papish 0-0: Ball
1-0: Ground out 4-3 (Groundball, 4, EV 101.9 MPH)
Top of the 8th over - 0 runs, 0 hits, 0 errors, 0 left on base; Colorado 3 - St. Louis 10
BOTTOM OF THE 8TH
St. Louis Cardinals batting - Pitching for Colorado Rockies : RHP Matthew Hodge
Batting: RHB David Martinez 0-0: Ball
1-0: SINGLE (Line Drive, 34D, EV 68.8 MPH)
Batting: RHB Aaron Rego 0-0: Called Strike
0-1: Foul Ball, location: 5F
0-2: Ball
1-2: Ball
2-2: Ball
3-2: Foul Ball, location: 2F
3-2: Foul Ball, location: 2F
3-2: Fielders Choice at 2nd, 5-4 (Groundball, 56S, EV 88.1 MPH)
Pitching: LHP Juan Robles
Batting: LHB Ramon Lara 0-0: Ball
1-0: Ball
2-0: Ground out 5-3 (Groundball, 5L, EV 85.0 MPH)
Aaron Rego to second
Batting: LHB Jose Nieto 0-0: Ball
1-0: Called Strike
1-1: SINGLE (Line Drive, 4D, EV 104.4 MPH)
Aaron Rego to third
Runner from 3rd tries for Home, SAFE, throw by CF to home
Batting: RHB Brodie Herian 0-0: Fly out, F9 (Flyball, S7, EV 102.5 MPH)
Bottom of the 8th over - 1 run, 2 hits, 0 errors, 1 left on base; Colorado 3 - St. Louis 11
TOP OF THE 9TH
Colorado Rockies batting - Pitching for St. Louis Cardinals : RHP Scott Kocis
Batting: SHB Brian Hatcher 0-0: Foul Ball, location: 25F
0-1: Foul Ball, location: 5FF
0-2: SOLO HOME RUN (Flyball, 7D, EV 102.5 MPH), Distance : 377 ft
Batting: LHB Mike Keatts 0-0: Ball
1-0: Ball
2-0: Hit by Pitch
Batting: RHB Orlando Serrano 0-0: Called Strike
0-1: Grounds into double play, 5-4-3 (Groundball, 56, EV 86.9 MPH)
Batting: RHB Ricky Aguilera 0-0: Swinging Strike
0-1: SINGLE (Line Drive, 56D, EV 110.6 MPH)
Pitching: RHP Mike Resop
Batting: LHB Glenn Sewell 0-0: Ground out 4-3 (Groundball, 4, EV 85.6 MPH)
Top of the 9th over - 1 run, 2 hits, 0 errors, 1 left on base; Colorado 4 - St. Louis 11
Sunday, May 5th , 2024 - OOTP Baseball 24.11 Build 85